 Dungeon Crawl Stone Soup version 0.25-a0-1024-gbfbf38f2cb (webtiles) character file.

Game seed: 7982085371391302040, levelgen mode: deterministic

35 Flugslaktarn the Skirmisher (level 3, -5/40 HPs)
             Began as an Ogre Fighter on May 12, 2020.
             Slain by Sigmund
             ... wielding a +0 scythe
              (12 damage)
             ... on level 2 of the Dungeon.
             The game lasted 00:00:33 (1279 turns).

Flugslaktarn the Skirmisher (Ogre Fighter)          Turns: 1279, Time: 00:00:34

Health: -5/40      AC:  3    Str: 20    XL:     3   Next: 35%
Magic:  3/3        EV:  8    Int:  9    God:
Gold:   52         SH:  8    Dex:  9    Spells: 2/2 levels left

rFire    . . .     SeeInvis .   a - +0 war axe
rCold    . . .     Gourm    .   c - +0 kite shield
rNeg     . . .     Faith    .   b - +0 robe
rPois    .         Spirit   .   (helmet restricted)
rElec    .         Reflect  .   (no cloak)
rCorr    .         Harm     .   (gloves unavailable)
MR       .....                  (boots unavailable)
Stlth    +.........             (no amulet)
HPRegen  0.13/turn              (no ring)
MPRegen  0.08/turn              (no ring)

@: mighty
A: large, unfitting armour, tough skin 1
a: no special abilities


You were on level 2 of the Dungeon.
You were not hungry.

You visited 1 branch of the dungeon, and saw 2 of its levels.

You collected 52 gold pieces.

Inventory:

Hand Weapons
 a - a +0 war axe (weapon)
Armour
 b - a +0 robe (worn)
 c - a +0 kite shield (worn)
Scrolls
 i - a scroll of amnesia {unknown}
 j - 2 scrolls of identify {unknown}
 k - 2 scrolls of remove curse {unknown}
Potions
 d - a potion of might
 g - a potion of degeneration {unknown}
 q - 3 potions of curing
Comestibles
 e - a ration
 f - a chunk of flesh


   Skills:
 + Level 4.4 Fighting
 * Level 2.7 Axes
 + Level 3.0 Dodging
 + Level 3.0 Shields


You had 2 spell levels left.
You didn't know any spells.
Your spell library was empty.

Dungeon Overview and Level Annotations

Branches:
Dungeon (2/15)

Altars:

Annotations:
D:2 Sigmund


Innate Abilities, Weirdness & Mutations

You are too large for most types of armour.
You have tough skin. (AC +1)


Message History

You closely miss Sigmund. You slash the rat!
You kill the rat!
Sigmund hits you with a +0 scythe!
You slash Sigmund!
Sigmund is moderately wounded.
Sigmund hits you but does no damage.
You closely miss Sigmund.
Sigmund is moderately wounded.
Sigmund closely misses you.
You barely miss Sigmund.
Sigmund is moderately wounded.
Sigmund hits you with a +0 scythe.
You closely miss Sigmund.
Sigmund is moderately wounded.
Sigmund hits you with a +0 scythe!
* * * LOW HITPOINT WARNING * * *
You slash Sigmund!
Sigmund is severely wounded.
Sigmund hits you with a +0 scythe!
You die...

......!..#.#...
...{.......#.###
....####.......#
. #......#..
#...####
.#.####...#
..r.......#
##.####@#.#
###.####@#.#
.......<.#>#
##...#####.# ...
#.. . ... ##


You could see Sigmund.

Vanquished Creatures
  An ooze (D:1)
  8 bats
  3 giant cockroaches (D:1)
  4 hobgoblins (D:1)
  A frilled lizard (D:1)
  4 goblins (D:1)
  8 rats
29 creatures vanquished.

Notes
Turn   | Place    | Note
-------+----------+-------------------------------------------
     0 | D:1      | Flugslaktarn the Ogre Fighter began the quest for the Orb.
     0 | D:1      | Reached XP level 1. HP: 24/24 MP: 1/1
   174 | D:1      | Reached XP level 2. HP: 30/32 MP: 2/2
   584 | D:1      | Reached XP level 3. HP: 39/39 MP: 3/3
  1148 | D:2      | Noticed Sigmund
  1279 | D:2      | Slain by Sigmund

Illustrated notes

Levels and vault maps discovered:
D:1:      minmay_arrival_open_corners, layout_loops_corners,
          kennysheep_flooded_box, nrook_loot_triangle, minmay_3d_cube
D:2:      layout_loops_ring, lemuel_blue_sif_altar, lemuel_doored_altar,
          first_ration, uniq_sigmund

Skill      XL: |  1  2  3 |
---------------+----------+-----
Shields        | 3 |  3.0
Dodging        | 3 |  3.0
Fighting       | |  4.4
Axes           | |  2.7

Action                   || total
-------------------------++-------
Melee: War axe           ||    77
  Use: Potion            ||     2
 Stab: Sleeping          ||     1
  Eat: Chunk             ||     1
Armor: Robe              ||    30
Dodge: Dodged            ||    32
Block: Kite shield       ||    30

Table legend:
 A = Non-vault XP
 B = Vault XP
 C = Vault XP percentage of total XP
 D = Non-vault monster count
 E = Vault monster count
 F = Vault count percentage of total count
                 A         B        C        D         E       F
            +---------+---------+-------+---------+---------+-------
      Total |      39 |      12 |  23.5 |      25 |       4 |  13.8
            +---------+---------+-------+---------+---------+-------
        D:1 |      35 |      12 |  25.5 |      22 |       4 |  15.4
        D:2 |       4 |       0 |   0.0 |       3 |       0 |   0.0
            +---------+---------+-------+---------+---------+-------
